 Dungeon Crawl Stone Soup version 0.30.1 (webtiles) character file.

Game seed: 17298198439749918665

76 nicolae the Charlatan (level 4, 0/21 HPs)
             Began as a Spriggan Artificer on July 6, 2023.
             Slain by a +5 spectral club (8 damage)
             ... created by Jessica
             ... on level 3 of the Dungeon.
             The game lasted 00:03:43 (1383 turns).

nicolae the Charlatan (Spriggan Artificer)          Turns: 1383, Time: 00:03:44

Health: 0/21       AC:  2    Str:  8    XL:     4   Next: 12%
Magic:  5/5        EV: 18    Int: 12    God:
Gold:   96         SH:  0    Dex: 17    Spells: 3/3 levels left

rFire   . . .        g - +0 sling
rCold   . . .        (no shield)
rNeg    . . .        b - +0 robe
rPois   .            (helmet restricted)
rElec   .            (no cloak)
rCorr   .            (gloves unavailable)
SInv    +            (boots unavailable)
Will    .....        (no amulet)
Stlth   ++           (no ring)
HPRegen 0.23/turn    (no ring)
MPRegen 0.09/turn

%: no passive effects
@: very quick
A: very small, no large weapons, unfitting armour, see invisible, speed 3
a: no special abilities


You were on level 3 of the Dungeon.
You visited 1 branch of the dungeon, and saw 3 of its levels.

You collected 96 gold pieces.

Inventory:

Hand Weapons
 g - a +0 sling (weapon)
Missiles
 a - 2 poisoned darts
Armour
 b - a +0 robe (worn)
Wands
 c - a wand of flame (14)
 d - a wand of charming (15)
 e - a wand of iceblast (4)
Scrolls
 h - a scroll of teleportation {unknown}
 l - a scroll of magic mapping {unknown}
 n - a scroll of identify {unknown}
 o - a scroll of immolation {unknown}
Potions
 f - a potion of haste {unknown}
 i - 2 potions of attraction {unknown}
 j - a potion of lignification {unknown}
 k - 2 potions of heal wounds {unknown}
 m - a potion of degeneration {unknown}


   Skills:
 - Level 0.7 Fighting
 + Level 3.2 Ranged Weapons
 - Level 3.2 Dodging
 - Level 1.5 Stealth
 - Level 4.8 Evocations


You had 3 spell levels left.
You didn't know any spells.
Your spell library contained the following spells:

 Spells                   Type           Power      Damage    Failure   Level
 Kiss of Death            Conj/Necr      0%         2d5       32%         1
 Confusing Touch          Hex            0%         N/A       69%         3
 Dispel Undead            Necr           0%         3d6       97%         4


Dungeon Overview and Level Annotations

Branches:
Dungeon (3/15)

Altars:
Dithmenos
Wu Jian

Annotations:
D:3 Jessica


Innate Abilities, Weirdness & Mutations

You are very small and have problems with some larger weapons.
You are too small for most types of armour.
You have supernaturally acute eyesight. (SInv)
You cover ground extremely quickly. (Speed+++)


Message History

There is a stone staircase leading down here.
You climb downwards.
There is a stone staircase leading up here.
You now have 81 gold pieces (gained 8).
A dart slug comes into view.
You shoot a sling bullet. The sling bullet hits the dart slug.
The dart slug is lightly wounded.
You shoot a sling bullet. The sling bullet hits the dart slug!
The dart slug is almost dead.
The dart slug launches a dart at you.
The slug dart hits you but does no damage.
You shoot a sling bullet. The sling bullet hits the dart slug.
You kill the dart slug!
No target in view!
You now have 96 gold pieces (gained 15).
Found a stone staircase leading down.
You open the door.
Found a shadowy altar of Dithmenos and an ornate altar of the Wu Jian Council.
There is an open door here.
There is an open door here.
Found 8 stones.
Found a flail.
Jessica the Apprentice Sorceress comes into view.
She is wielding a +5 spectral club.
You shoot a sling bullet. The sling bullet hits Jessica.
Jessica shouts!
Jessica is moderately wounded.
An adder comes into view.
You shoot a sling bullet. The adder hisses angrily.
The sling bullet hits Jessica.
Jessica is heavily wounded.
Jessica says, "Why did you come here?"
You shoot a sling bullet. The sling bullet barely misses Jessica.
The sling bullet hits the adder!
The adder is heavily wounded.
Jessica hits you with a +5 spectral club!
The +5 spectral club hits you.
* * * LOW HITPOINT WARNING * * *
Jessica barely misses you. The +5 spectral club hits you!
You die...

#.#.#.#.##.### #
#.#.#.#.##..(####.###
..#.#................
#.#.###.####....#.#..
#.### ###.###.###.## #
...# ............)#.#
#.#..##.###.###.##...#
...#. .........#.###
#.##.. #.###.##@(.#
... #.#.. ... #@#.#
... ... #.# .S#..#
...# .# #.. .#.# ##
...# ... ..#.. ...# .#
.# #.# #.#.. .# ..# .#
.. #.# #.#


You could see a +5 spectral club, an adder and Jessica.

Vanquished Creatures
  A gnoll (D:1)
  2 worms (D:2)
  2 dart slugs
  4 endoplasms
  A giant cockroach (D:1)
  4 goblins
  6 hobgoblins
  4 jackals (D:1)
  A quokka (D:2)
  5 ball pythons
  7 bats
  4 frilled lizards
  6 kobolds
  5 rats
52 creatures vanquished.

Notes
Turn   | Place    | Note
-------+----------+-------------------------------------------
     0 | D:1      | nicolae the Spriggan Artificer began the quest for the Orb.
     0 | D:1      | Reached XP level 1. HP: 9/9 MP: 2/2
   176 | D:1      | Reached XP level 2. HP: 14/14 MP: 3/3
   216 | D:1      | Reached skill level 1 in Ranged Weapons
   359 | D:1      | Reached XP level 3. HP: 17/17 MP: 4/4
   717 | D:1      | Found a faded altar of an unknown god.
  1145 | D:2      | Reached XP level 4. HP: 21/21 MP: 5/5
  1350 | D:3      | Found a shadowy altar of Dithmenos.
  1350 | D:3      | Found an ornate altar of the Wu Jian Council.
  1380 | D:3      | Noticed Jessica
  1383 | D:3      | Slain by a +5 spectral club

Illustrated notes

Levels and vault maps discovered:
D:1:      elethiomel_arrival_quiet, layout_basic,
          shapermc_ecumenical_altar_acropolis, serial_curves, eino_curves_02,
          eino_curves_04
D:2:      layout_rooms
D:3:      layout_basic, gammafunk_temple_overflow_elements,
          nicolae_concentric_dashed_squares_mild, uniq_jessica

Skill      XL: |  1  2  3 |
---------------+----------+-----
Ranged Weapons | 1 3 |  3.2
Fighting       | |  0.7
Dodging        | |  3.2
Stealth        | |  1.5
Evocations     | |  4.8

Action                     |  1- 3 |  4- 6 || total
---------------------------+-------+-------++-------
  Melee: Club              |     6 |       ||     6
   Fire: Sling             |   123 |    31 ||   154
  Evoke: Wand              |     2 |       ||     2
 Armour: Robe              |     5 |     3 ||     8
  Dodge: Dodged            |    33 |     9 ||    42
